 Dungeon Crawl Stone Soup version 0.30-a0-782-ge64f9170bb (webtiles) character file.

Game seed: 17635261324733544610

33 BRD the Slasher (level 3, -8/29 HPs)
             Began as a Barachi Reaver on Feb 18, 2023.
             Killed by divine providence
             ... invoked by an orc priest
              (9 damage)
             ... on level 2 of the Dungeon.
             The game lasted 00:02:01 (1012 turns).

BRD the Slasher (Barachi Reaver)                    Turns: 1012, Time: 00:02:01

Health: -8/29      AC:  7    Str: 13    XL:     3   Next: 29%
Magic:  6/6        EV:  9    Int: 13    God:
Gold:   51         SH:  0    Dex: 12    Spells: 5/6 levels left

rFire   . . .      SeeInvis .    a - +0 falchion
rCold   . . .      Faith    .    (no shield)
rNeg    . . .      Spirit   .    c - +0 scale mail
rPois   .          Reflect  .    h - +0 helmet
rElec   .          Harm     .    (no cloak)
rCorr   .          Rampage  .    (no gloves)
Will    .....                    (no boots) Stlth
                                 (no amulet)
HPRegen 0.24/turn                (no ring)
MPRegen 0.10/turn                (no ring)

@: slow
A: amphibious, slowness 1, strong legs 1, +LOS
a: Hop


You were on level 2 of the Dungeon.
You visited 1 branch of the dungeon, and saw 2 of its levels.

You collected 51 gold pieces.

Inventory:

Hand Weapons
 a - a +0 falchion (weapon)
Armour
 c - a +0 scale mail (worn)
 h - a +0 helmet (worn)
Scrolls
 d - a scroll of fog {unknown}
 e - a scroll of immolation {unknown}
Potions
 b - a potion of berserk rage {unknown}
 f - a potion of heal wounds {unknown}
 g - a potion of magic {unknown}
 i - a potion of might {unknown}


   Skills:
 + Level 3.0 Fighting
 + Level 4.1 Long Blades
 + Level 1.4 Armour
 + Level 2.7 Dodging
 - Level 2.1 Spellcasting
 - Level 3.2 Conjurations


You had 5 spell levels left.
You knew the following spells:

 Your Spells              Type           Power      Damage    Failure   Level
a - Kiss of Death         Conj/Necr      20%        2d7       52%         1

Your spell library contained the following spells:

 Spells                   Type           Power      Damage    Failure   Level
 Momentum Strike          Conj/Tloc      10%        3d8       65%         2
 Apportation              Tloc           2%         N/A       75%         1
 Hailstorm                Conj/Ice       5%         3d4       87%         3
 Alistair's Intoxication  Tmut/Pois      0%         N/A       100%        5


Dungeon Overview and Level Annotations

Branches:
Dungeon (2/15)

Altars:

Shops:
D:1 (


Innate Abilities, Weirdness & Mutations

You are amphibious.
You cover ground slowly.
You can hop short distances.
You have an extended range of vision and can be seen from far away.


Message History

The orc priest shouts!
The orc priest looks encouraged for a moment.
A ball python comes into view.
The orc closely misses you.
The ball python moves out of view.
You barely miss the orc. The orc hits you with a +0 hand axe.
The orc hits you but does no damage.
You hit the orc priest but do no damage.
The orc priest hits you with a +0 hand axe.
The orc closely misses you.
You completely miss the orc priest.
The orc priest hits you with a +0 hand axe.
The orc hits you but does no damage.
You barely miss the orc priest.
The orc priest hits you but does no damage.
The orc completely misses you.
You hit the orc priest.
The orc priest is moderately wounded.
The orc priest misses you. The orc barely misses you.
You barely miss the orc priest.
The orc priest is moderately wounded.
An orc priest comes into view. It is wielding a +0 dagger.
The orc priest barely misses you. The orc hits you but does no damage.
The orc priest shouts!
You hit the orc priest.
The orc priest is heavily wounded.
The orc priest calls upon Beogh to heal the orc priest.
The orc priest is healed somewhat.
The orc priest hits you with a +0 hand axe.
The orc barely misses you.
The orc priest attacks as you move away!
The orc priest hits you but does no damage.
The orc priest attacks as you move away!
The orc priest hits you with a +0 hand axe!
The orc priest invokes the aid of Beogh against you.
Beogh smites you!
* * * LOW HITPOINT WARNING * * *
The orc priest hits you but does no damage.
The orc priest mumbles some strange prayers to Beogh against you.
Beogh smites you!
You die...

#.### ..... .#
###...###.# ......
..# #....##..#
#........# ####
#........#
.....<#........#
........<@o#...#
...........o...#
.......###.#...#
....... ...#..o..#
....................
....................
##########.###.#####
... .# #.. ..


You could see 2 orc priests and an orc.

Vanquished Creatures
  2 dart slugs (D:1)
  4 endoplasms
  2 giant cockroaches
  3 goblins (D:1)
  2 hobgoblins (D:1)
  2 quokkas (D:1)
  A ball python (D:1)
  5 bats (D:1)
  2 frilled lizards (D:1)
  3 kobolds (D:1)
  A rat (D:1)
27 creatures vanquished.

Notes
Turn   | Place    | Note
-------+----------+-------------------------------------------
     0 | D:1      | BRD the Barachi Reaver began the quest for the Orb.
     0 | D:1      | Reached XP level 1. HP: 17/17 MP: 3/3
     2 | D:1      | Noticed an octopode
     4 | D:1      | Noticed a felid
     4 | D:1      | Noticed an ogre
     6 | D:1      | Noticed a demigod
     6 | D:1      | Noticed an elf
     8 | D:1      | Noticed a spriggan
     8 | D:1      | Noticed a merfolk
    10 | D:1      | Noticed a tengu
    10 | D:1      | Noticed a naga
    12 | D:1      | Noticed a ghoul
    12 | D:1      | Noticed a formicid
    14 | D:1      | Noticed a vine stalker
    14 | D:1      | Noticed a vampire
    18 | D:1      | Noticed a minotaur
    18 | D:1      | Noticed a human
    20 | D:1      | Noticed a demonspawn
    20 | D:1      | Noticed an armataur
    22 | D:1      | Noticed a troll
    22 | D:1      | Noticed a draconian
    24 | D:1      | Noticed a meteoran
    26 | D:1      | Noticed a meteoran
    54 | D:1      | Found Wegouqokas's Antique Weapon Emporium.
   200 | D:1      | Reached XP level 2. HP: 22/23 MP: 5/5
   410 | D:1      | Reached skill level 1 in Armour
   562 | D:1      | Reached skill level 4 in Long Blades
   625 | D:1      | Found a faded altar of an unknown god.
   703 | D:1      | Reached XP level 3. HP: 28/28 MP: 6/6
  1012 | D:2      | HP: 1/29 [orc priest/divine providence (11)]
  1012 | D:2      | Killed from afar by an orc priest

Illustrated notes

Levels and vault maps discovered:
D:1:      kb_arrival_jail, layout_loops_ring, serial_shops,
          nicolae_shop_waterfront, ebering_ecumenical_altar_webs
D:2:      layout_basic

Skill      XL: |  1  2  3 |
---------------+----------+-----
Armour         | 1 |  1.4
Long Blades    | 4 |  4.1
Fighting       | 3 |  3.0
Dodging        | |  2.7
Spellcasting   | |  2.1
Conjurations   | |  3.2

Action                     || total
---------------------------++-------
  Melee: Falchion          ||    86
         Punch             ||     1
 Armour: Scale mail        ||    38
  Dodge: Dodged            ||    46

Table legend: (Time is in decaauts)
 A = Elapsed time spent in this place.
 B = Non-inter-level travel time spent in this place.
 C = Inter-level travel time spent in this place.
 D = Time resting spent in this place.
 E = Time spent auto-exploring this place.
 F = Levels seen in this place.
 G = Mean time per level.
                   A        B        C        D        E       F      G
               +--------+--------+--------+--------+--------+-----+--------+
         Total |   1172 |   1108 |     64 |      0 |    872 |   2 |  586.0 |
       Dungeon |   1172 |   1108 |     64 |      0 |    872 |   2 |  586.0 |
               +--------+--------+--------+--------+--------+-----+--------+

Top non-repeatable levels by time:
     D:1: 1155 daAuts
     D:2: 16 daAuts
